AoeStats
← Carmelo maradona

Arabia

510448873Analyzed
4v4 RM · 19h ago on Oct 1, 2026· 36m 10s· 8 players
Game mode
Random Map
Map size
Large (8 player)
Population
200
Speed
Normal
Resources
Standard
Victory
Conquest
Starting age
Dark Age
Ending age
Imperial Age
RankedLock teamsTeams togetherTeam positionsShared explorationLock speedFull tech treeHidden civsTurbo modeCheats
Victory
Defeat
🇨🇱 Georgians · Chile
1359
+17
🇨🇱 Saracens · Chile
1350
+17
🇨🇱 Persians · Chile
1334
+18
🇨🇱 Muisca · Chile
1327
+18
🇨🇴 Magyars · Colombia
1455
-22
🇨🇴 Britons · Colombia
1385
-18
🇦🇷 Ethiopians · Argentina
1324
-15
🇦🇷 Persians · Argentina
1315
-15
RaZeeeeK
6:26 Loom
8:50 Feudal Age
9:45 Double-Bit Axe
10:24 Horse Collar
17:08 Wheelbarrow
17:41 Gold Mining
20:01 Castle Age
18:25 Scale Barding Armor
18:58 Bloodlines
19:01 Scale Barding Armor
19:32 Forging
20:03 Light Cavalry
21:06 Chain Barding Armor
22:59 Husbandry
23:11 Bow Saw
27:37 Iron Casting
27:22 Heavy Plow
32:31 Town Watch
35:04 Fervor
TioNachoooi
6:09 Loom
9:09 Feudal Age
9:37 Double-Bit Axe
13:30 Fletching
16:16 Padded Archer Armor
16:13 Horse Collar
26:23 Castle Age
26:01 Gold Mining
26:25 Crossbowman
27:32 Bodkin Arrow
27:53 Leather Archer Armor
34:14 Wheelbarrow
36:06 Ballistics
36:12 Thumb Ring
Loco Saiti
8:10 Loom
10:29 Feudal Age
11:14 Double-Bit Axe
14:02 Fletching
19:58 Padded Archer Armor
20:58 Horse Collar
23:58 Wheelbarrow
26:24 Castle Age
24:34 Gold Mining
26:42 Crossbowman
27:18 Bodkin Arrow
27:54 Leather Archer Armor
28:03 Thumb Ring
28:16 Bow Saw
28:34 Heavy Plow
30:20 Ballistics
33:04 Champi Runner
33:45 Scale Mail Armor
34:02 Stone Mining
39:14 Imperial Age
Pipeño
6:11 Loom
8:38 Feudal Age
9:23 Double-Bit Axe
10:40 Horse Collar
15:41 Scale Barding Armor
17:06 Forging
19:35 Bloodlines
20:11 Wheelbarrow
23:28 Castle Age
21:56 Gold Mining
24:20 Chain Barding Armor
23:29 Light Cavalry
24:32 Bow Saw
30:43 Heavy Plow
30:31 Town Watch
32:17 Iron Casting
JAGR fran
5:40 Loom
8:43 Feudal Age
9:28 Double-Bit Axe
9:55 Horse Collar
18:38 Forging
22:01 Castle Age
20:25 Scale Barding Armor
22:34 Bloodlines
22:31 Husbandry
23:11 Heavy Plow
32:25 Wheelbarrow
32:16 Gold Mining
33:04 Chain Barding Armor
33:57 Hand Cart
34:39 Iron Casting
JAGR | GastonWick
6:55 Loom
9:15 Feudal Age
11:01 Double-Bit Axe
16:53 Fletching
23:41 Castle Age
23:39 Padded Archer Armor
23:52 Gold Mining
24:19 Bodkin Arrow
23:48 Crossbowman
24:35 Thumb Ring
24:53 Bow Saw
28:19 Gold Shaft Mining
29:37 Ballistics
33:03 Wheelbarrow
34:19 Leather Archer Armor
Specialist
8:54 Feudal Age
9:24 Double-Bit Axe
14:07 Fletching
16:33 Horse Collar
17:30 Padded Archer Armor
23:51 Castle Age
24:29 Bodkin Arrow
24:55 Crossbowman
25:53 Leather Archer Armor
31:43 Ballistics
31:38 Forging
33:55 Wheelbarrow
Carmelo maradona
5:54 Loom
8:58 Feudal Age
9:48 Double-Bit Axe
15:48 Scale Barding Armor
21:29 Castle Age
26:52 Chain Barding Armor
Connection lost

Rejoining the realm…

Still unreachable

The connection could not be restored.

Session expired

The server has moved on; the page needs a fresh start.